cohdb
Replays
Latest Replays
All Replays
Popular Replays
Top Player Replays
Match Explorer
How It Works
Community
CoH3 Stats
Reddit
Sign in to upload your games and track your stats! →
Sign in with Steam
Match 46123072
Unlisted
Match 46123072
Overview
Messages
Build Orders
End
Engineer Squad
Construct Barracks
1⁄4-ton 4x4 Truck
Selects Armored Battlegroup
Selects Veteran Crews
Riflemen Squad
Riflemen Squad
Grenade Package
Riflemen Squad
Construct Medical Station
Mechanized Support Center
M4A1 76mm Conversion
Construct Tank Depot
Selects Field Repairs
Selects War Machine
M4A1(76) Sherman Medium Tank
Riflemen Squad
Selects Strength in Steel
M4A1(76) Sherman Medium Tank
Improvised Armor
JEFG
oziligath
0
0
Comments
sign in to comment!
No comments posted yet!